 Dungeon Crawl Stone Soup version 0.22-a0-757-gdba82d8 (webtiles) character file.

3777 KristoblXynda the Covert (level 10, -1/80 HPs)
             Began as a Naga Gladiator on July 16, 2018.
             Was an Initiate of Yredelemnul.
             Slain by a basilisk (5 damage)
             ... on level 8 of the Dungeon.
             The game lasted 00:18:55 (8496 turns).

KristoblXynda the Covert (Naga Gladiator)           Turns: 8496, Time: 00:18:56

Health: -1/80      AC: 10    Str: 18    XL:     10   Next: 16%
Magic:  10/10      EV:  1    Int: 11    God:    Yredelemnul [......]
Gold:   53         SH:  0    Dex: 12    Spells: 9/9 levels left

rFire    + . .     SeeInvis +   C - +2 scimitar (slice)
rCold    . . .     Gourm    .   (no shield)
rNeg     + + +     Faith    .   e - +0 ring mail
rPois    ∞         Spirit   .   (helmet restricted)
rElec    +         Reflect  .   j - +1 cloak
rCorr    .         Harm     .   D - +0 pair of gloves
MR       +....                  (no barding)
Stlth    ++++......             (no amulet)
HPRegen  0.23/turn              h - ring of protection from fire
MPRegen  0.12/turn              q - +3 ring of slaying

@: petrified, very slow
A: large, horns 1, see invisible, deformed body, sense surroundings 1, poison
resistance, electricity resistance, slowness 2, slow metabolism 1, spit poison
1, AC +3
a: Spit Poison, Renounce Religion


You were on level 8 of the Dungeon.
You worshipped Yredelemnul.
Yredelemnul was noncommittal.
You were not hungry.

You visited 2 branches of the dungeon, and saw 9 of its levels.

You collected 479 gold pieces.
You spent 426 gold pieces at shops.

Inventory:

Hand Weapons
 a - a +5 long sword
 C - a +2 scimitar of slicing (weapon)
Missiles
 w - 2 throwing nets (quivered)
Armour
 e - a +0 ring mail (worn)
 j - a +1 cloak (worn)
 m - a scarf of spirit shield
 D - a +0 pair of gloves (worn)
Jewellery
 h - a ring of protection from fire (left hand)
 q - a +3 ring of slaying (right hand)
Wands
 g - a wand of clouds (5)
Scrolls
 b - 4 scrolls of amnesia
 n - 3 scrolls of magic mapping
 o - 5 scrolls of remove curse
 p - a scroll of fog
 s - 2 scrolls of immolation
 v - 3 scrolls of teleportation
Potions
 c - a potion of lignification {unknown}
 d - 2 potions of berserk rage {unknown}
 i - 2 potions of might
 k - a potion of resistance {unknown}
 l - 2 potions of cancellation
 r - 2 potions of mutation
 t - 2 potions of agility
 u - 3 potions of invisibility
 x - a potion of magic {unknown}
 z - 2 potions of brilliance
 A - a potion of heal wounds
Comestibles
 f - 12 rations


   Skills:
 - Level 2.0 Fighting
 + Level 8.7 Long Blades
 - Level 3.4 Throwing
 - Level 6.0 Armour
 - Level 4.3 Dodging
 + Level 11.2 Stealth
 + Level 0.0 Invocations
 + Level 0.0 Evocations


You had 9 spell levels left.
You didn't know any spells.
Your spell library was empty.

Dungeon Overview and Level Annotations

Branches:
Dungeon (8/15)             Temple (1/1) D:7            Lair (0/6) D:8

Altars:
Ashenzari
Cheibriados
Dithmenos
Elyvilon
Fedhas
Gozag
Hepliaklqana
Kikubaaqudgha
Makhleb
Nemelex Xobeh
Okawaru
Qazlal
Ru
Sif Muna
Trog
Uskayaw
Vehumet
Wu Jian
Xom
Yredelemnul
Zin
The Shining One

Shops:
D:7 ?%*

Annotations:
D:8 3 runed doors


Innate Abilities, Weirdness & Mutations

You cannot wear boots.
Your serpentine skin is tough. (AC +3)
You have supernaturally acute eyesight. (SInv)
Armour fits poorly on your strangely shaped body.
Your system is resistant to poisons. (rPois)
You cover ground very slowly.
You have a slow metabolism.
You can spit poison.
You have a pair of small horns on your head.
You passively map a small area around you.
You are resistant to electric shocks. (rElec)


Message History

The wyvern bites you but does no damage.
The basilisk bites you!
* * * LOW HITPOINT WARNING * * *
The wyvern bites you.
* * * LOW HITPOINT WARNING * * *
The basilisk bites you but does no damage.
The wyvern bites you but does no damage.
The wyvern bites you.
* * * LOW HITPOINT WARNING * * *
The basilisk bites you!
* * * LOW HITPOINT WARNING * * *
The wyvern bites you!
* * * LOW HITPOINT WARNING * * *
The basilisk gazes at you. The wyvern bites you!
* * * LOW HITPOINT WARNING * * *
The wyvern hisses menacingly.
The wyvern barely misses you. The basilisk bites you!
You die...
Your body rises from the dead as a mindless zombie.

.##...%.... *
.....##########. ...
#.#..# #....... *..#.
#.#..# #....... ..... ,
#....#####....... ,...
##.÷............##...
#....#####.......#.#..# ,
,, #.#..............l.#..
...#######[.....@l##..#
....## ##.....#.....# *
.....######....###..#.## ,
, .....#.......$##
#.....###
.......###..#...##........
...........####.##l###.# ,
, .>........##....<.a##*,#
..........##.####...#
..........# , ###(.....*


You could see a basilisk and a wyvern.

Vanquished Creatures
  An elephant (D:8)
  Prince Ribbit (D:6)
  Grinder (D:3)
  Sigmund (D:2)
  A yak (D:8)
  A hungry ghost (D:8)
  Grum (D:8)
  Menkaure (D:6)
  Edmund (D:4)
  Duvessa (D:7)
  An orc warrior (D:7)
  A black bear (D:7)
  An ice beast (D:4)
  A phantom (D:6)
  3 centaurs
  A crocodile (D:7)
  2 wolves (D:8)
  A big kobold (D:8)
  2 bullfrogs (D:6)
  A scorpion (D:8)
  A water moccasin skeleton (D:7)
  Dowan (D:7)
  4 howler monkeys
  4 wights (D:6)
  2 jellies
  An orc priest (D:7)
  A centaur skeleton (D:7)
  3 hounds
  A bullfrog skeleton (D:4)
  2 orc wizards (D:5)
  An iguana (D:6)
  Ijyb (D:4)
  4 worker ants
  3 gnolls (D:4)
  5 adders
  An adder skeleton (D:8)
  2 worms (D:2)
  4 dart slugs
  5 leopard geckos
  21 orcs
  3 giant cockroaches
  8 goblins
  9 hobgoblins
  6 jackals
  2 quokkas
  5 bats
  7 frilled lizards
  15 kobolds
  A leopard gecko skeleton (D:4)
  9 rats
156 creatures vanquished.

Notes
Turn   | Place    | Note
-------+----------+-------------------------------------------
     0 | D:1      | KristoblXynda the Naga Gladiator began the quest for the Orb.
     0 | D:1      | Reached XP level 1. HP: 19/19 MP: 1/1
   131 | D:1      | Reached XP level 2. HP: 19/26 MP: 2/2
   591 | D:1      | Reached XP level 3. HP: 28/32 MP: 3/3
  1416 | D:2      | Found a shattered altar of Ashenzari.
  1438 | D:2      | Reached XP level 4. HP: 30/39 MP: 4/4
  1579 | D:2      | Noticed Sigmund
  1595 | D:2      | Killed Sigmund
  1595 | D:2      | Reached XP level 5. HP: 5/45 MP: 0/5
  1595 | D:2      | Reached XP level 6. HP: 6/52 MP: 0/6
  2074 | D:3      | Found a bloodstained altar of Trog.
  2137 | D:3      | Noticed Grinder
  2139 | D:3      | Noticed an ice beast
  2794 | D:3      | Found a shadowy altar of Dithmenos.
  2913 | D:3      | Paralysed by Grinder for 7 turns
  2930 | D:4      | Killed an ice beast
  2930 | D:4      | Reached skill level 2 in Stealth
  2944 | D:4      | Found a blossoming altar of Fedhas.
  2952 | D:4      | Reached skill level 1 in Armour
  3165 | D:4      | Noticed Ijyb
  3186 | D:4      | Killed Ijyb
  3462 | D:4      | Found a hazy altar of Hepliaklqana.
  3470 | D:4      | Reached skill level 3 in Stealth
  3470 | D:4      | Reached XP level 7. HP: 26/60 MP: 3/7
  3677 | D:4      | Reached skill level 5 in Long Blades
  3882 | D:4      | Noticed Edmund
  3900 | D:4      | Killed Edmund
  3900 | D:4      | Reached skill level 4 in Stealth
  4063 | D:5      | Entered Level 5 of the Dungeon
  4202 | D:5      | Reached skill level 5 in Stealth
  4202 | D:5      | Reached XP level 8. HP: 48/67 MP: 8/8
  4452 | D:5      | Found a glowing golden altar of the Shining One.
  4615 | D:5      | Found an ornate altar of the Wu Jian Council.
  4987 | D:6      | Reached skill level 6 in Stealth
  5253 | D:6      | Noticed Prince Ribbit
  5262 | D:6      | Reached skill level 7 in Stealth
  5275 | D:6      | Killed Prince Ribbit
  5465 | D:6      | Gained mutation: You passively map a small area around you. [potion of mutation]
  5465 | D:6      | Gained mutation: You have a pair of small horns on your head. [potion of mutation]
  5465 | D:6      | Gained mutation: You are resistant to electric shocks. (rElec) [potion of mutation]
  5552 | D:6      | Noticed Menkaure
  5557 | D:6      | Killed Menkaure
  5557 | D:6      | Reached skill level 8 in Stealth
  5557 | D:6      | Reached XP level 9. HP: 73/73 MP: 9/9
  6214 | D:3      | Paralysed by Grinder for 4 turns
  6222 | D:3      | Killed Grinder
  6390 | D:7      | Found Gipuadd's Food Shop.
  6405 | D:7      | Found a staircase to the Ecumenical Temple.
  6472 | Temple   | Entered the Ecumenical Temple
  6590 | Temple   | Became a worshipper of Yredelemnul the Dark
  6751 | D:7      | Noticed Dowan
  6752 | D:7      | Noticed Duvessa
  6754 | D:7      | Killed Dowan
  6775 | D:7      | Killed Duvessa
  6775 | D:7      | Reached skill level 9 in Stealth
  7153 | D:7      | Found Uteekil's Magic Scroll Shop.
  7161 | D:7      | Bought a scroll of teleportation for 45 gold pieces
  7161 | D:7      | Bought a scroll of identify for 30 gold pieces
  7238 | D:7      | Found Paagg's General Store.
  7245 | D:7      | Bought a wand of clouds (5) for 351 gold pieces
  7486 | D:8      | Reached skill level 5 in Armour
  7487 | D:8      | Found a staircase to the Lair.
  7493 | D:8      | Noticed an elephant
  7734 | D:8      | Reached skill level 10 in Stealth
  8204 | D:8      | Noticed Grum
  8215 | D:8      | Killed Grum
  8215 | D:8      | Reached XP level 10. HP: 38/80 MP: 10/10
  8227 | D:8      | Found a huge runed gate.
  8227 | D:8      | Noticed a manticore
  8227 | D:8      | Noticed a manticore
  8228 | D:8      | Found a huge runed gate.
  8229 | D:8      | Found a huge runed gate.
  8241 | D:8      | Killed an elephant
  8241 | D:8      | Reached skill level 11 in Stealth
  8495 | D:8      | HP: 4/80 [wyvern (7)]
  8496 | D:8      | Slain by a basilisk

Vault maps used:
D:1:      tarquinn_simple_flora_water_e, minmay_pentomino_x4
D:2:      evilmike_ruin_ashenzari, uniq_sigmund
D:3:      old_standard_altar, grunt_dithmenos_smoke, first_ration, uniq_grinder
D:4:      nicolae_overflow_crystal_walls, fedhas_altar_2, minmay_misc_feat_chi,
          uniq_ijyb, uniq_edmund
D:5:      lemuel_crystal_altar, lemuel_round_altar
D:6:      uniq_prince_ribbit1, uniq_menkaure
D:7:      temple_statues, serial_shops, nicolae_shop_statue_plus, shop_scrolls,
          shop, uniq_duvessa
D:8:      lemuel_bear_cage, david_lair_generic, the_bakery,
          hangedman_incinerator, uniq_grum
Temple:   regret_index_temple_generic_petals

Skill      XL: |  1  2  3  4  5  6  7  8  9 10 |
---------------+-------------------------------+-----
Throwing       | 2 3 |  3.4
Dodging        | 3 4 |  4.3
Long Blades    | 4 5 6 8 |  8.7
Stealth        | 3 5 8 10 11 | 11.2
Armour         | 1 2 4 5 6 |  6.0
Fighting       | |  2.0

Action                   |  1- 3 |  4- 6 |  7- 9 | 10-12 || total
-------------------------+-------+-------+-------+-------++-------
Melee: Long sword        |   102 |    92 |   206 |       ||   400
       Unarmed           |       |     5 |       |       ||     5
       Headbutt          |       |       |    27 |     3 ||    30
       Scimitar          |       |       |    69 |    15 ||    84
Throw: Throwing net      |       |     3 |     1 |     2 ||     6
 Abil: Spit Poison       |     3 |     2 |    13 |     2 ||    20
Evoke: Wand              |       |       |     3 |       ||     3
  Use: Scroll            |       |     6 |    16 |       ||    22
       Potion            |       |     3 |     2 |       ||     5
 Stab: Sleeping          |       |     1 |    10 |       ||    11
       Held in net/web   |       |     1 |       |       ||     1
  Eat: Chunk             |     1 |     2 |     7 |     1 ||    11
       Ration            |       |     1 |     2 |       ||     3
Armor: Ring mail         |    33 |    23 |   107 |    15 ||   178
Dodge: Dodged            |    65 |    49 |   146 |    10 ||   270
       Rpst.: Long sword |    24 |    15 |    28 |       ||    67
       Scimitar          |       |       |     9 |     2 ||    11

Table legend:
 A = Spawn XP
 B = Non-spawn XP
 C = Spawn XP percentage of total XP
 D = Spawn monster count
 E = Non-spawn monster count
 F = Spawn count percentage of total count
 G = Total turns spent on level
                    A         B        C        D         E        F      G
               +---------+---------+-------+---------+---------+-------+---------
         Total |       0 |    5397 |   0.0 |       0 |     156 |   0.0 |  8496
               +---------+---------+-------+---------+---------+-------+---------
           D:1 |       0 |      52 |   0.0 |       0 |      31 |   0.0 |  1263
           D:2 |       0 |     273 |   0.0 |       0 |      27 |   0.0 |  1083
           D:3 |       0 |     301 |   0.0 |       0 |      13 |   0.0 |   982
           D:4 |       0 |     645 |   0.0 |       0 |      16 |   0.0 |  1161
           D:5 |       0 |     413 |   0.0 |       0 |      16 |   0.0 |   804
           D:6 |       0 |    1102 |   0.0 |       0 |      14 |   0.0 |  1085
           D:7 |       0 |     870 |   0.0 |       0 |      18 |   0.0 |  1498
           D:8 |       0 |    1741 |   0.0 |       0 |      21 |   0.0 |   373
               +---------+---------+-------+---------+---------+-------+---------
